AoeStats
← OmarGutieG

Arena

510385238Analyzed
2v2 RM · 14h ago on Sep 30, 2026· 52m 18s· 4 players
Game mode
Random Map
Map size
Medium (4 player)
Population
200
Speed
Normal
Resources
Standard
Victory
Conquest
Starting age
Dark Age
Ending age
Imperial Age
RankedLock teamsTeams togetherTeam positionsShared explorationLock speedFull tech treeHidden civsTurbo modeCheats
Victory
Defeat
🇺🇸 Italians · United States
1263
+18
🇺🇸 Lithuanians · United States
1228
+20
🇲🇽 Persians · Mexico
1312
-19
🇲🇽 Khmer · Mexico
1305
-19
armigame1
9:48 Feudal Age
13:52 Castle Age
11:48 Double-Bit Axe
14:24 Scale Barding Armor
14:13 Gold Mining
22:10 Horse Collar
23:00 Bloodlines
22:52 Husbandry
26:03 Wheelbarrow
29:18 Forging
30:54 Loom
34:05 Chain Barding Armor
35:16 Iron Casting
40:06 Imperial Age
38:22 Light Cavalry
40:10 Heavy Camel Rider
42:08 Plate Barding Armor
42:34 Blast Furnace
42:20 Gold Shaft Mining
41:58 Bow Saw
44:14 Hussar
OmarGutieG
9:54 Feudal Age
10:35 Loom
14:57 Castle Age
13:29 Double-Bit Axe
16:25 Bow Saw
16:35 Horse Collar
22:25 Wheelbarrow
23:50 Heavy Plow
24:57 Hand Cart
25:05 Town Watch
25:24 Gold Mining
27:19 Ballistics
27:13 Town Patrol
34:02 Imperial Age
31:06 Pikeman
33:39 Scale Mail Armor
33:50 Forging
33:43 Scale Mail Armor
35:03 Halberdier
36:42 Chain Mail Armor
37:02 Iron Casting
37:52 Chemistry
40:07 Blast Furnace
39:50 Conscription
39:36 Double Crossbow
43:27 Scale Barding Armor
45:24 Chain Barding Armor
48:12 Bloodlines
47:23 Light Cavalry
49:38 Hussar
Drdolan2
10:57 Feudal Age
14:34 Castle Age
12:43 Double-Bit Axe
14:29 Bloodlines
21:04 Scale Barding Armor
23:42 Wheelbarrow
29:07 Forging
33:24 Imperial Age
31:02 Husbandry
31:47 Chain Barding Armor
31:22 Pikeman
34:44 Scale Mail Armor
35:47 Squires
36:06 Chain Mail Armor
38:03 Chemistry
38:40 Iron Casting
39:07 Conscription
39:38 Padded Archer Armor
40:07 Bow Saw
41:06 Halberdier
45:56 Cavalier
SlickPup7427097
10:44 Feudal Age
14:59 Castle Age
14:10 Horse Collar
15:09 Double-Bit Axe
15:18 Gold Mining
20:44 Fletching
31:49 Imperial Age
29:57 Bodkin Arrow
30:58 Ballistics
31:02 Padded Archer Armor
31:50 Wheelbarrow
32:36 Leather Archer Armor
33:30 Chemistry
33:46 Bracer
36:17 Conscription
47:05 Ring Archer Armor
47:28 Crossbowman
48:14 Thumb Ring
Connection lost

Rejoining the realm…

Still unreachable

The connection could not be restored.

Session expired

The server has moved on; the page needs a fresh start.